 Dungeon Crawl Stone Soup version 0.30-a0-726-gd89dcf765f (webtiles) character file.

Game seed: 6337197521533951933

805 hikkokomori the Shooter (level 8, -1/62 HPs)
             Began as a Human Wanderer on Jan 30, 2023.
             Was a Follower of Okawaru.
             Slain by Pikel
             ... wielding a +1 whip of electrocution
              (15 damage)
             ... on level 5 of the Dungeon.
             The game lasted 00:08:22 (3213 turns).

hikkokomori the Shooter (Human Wanderer)            Turns: 3213, Time: 00:08:22

Health: -1/62      AC: 12    Str: 12    XL:     8   Next: 14%
Magic:  7/8        EV: 15    Int: 12    God:    Okawaru [*.....]
Gold:   329        SH:  0    Dex: 16    Spells: 7/7 levels left

rFire   . . .      SeeInvis +    a - +2 sling (heavy)
rCold   . . .      Faith    .    (no shield)
rNeg    . . .      Spirit   .    n - +3 leather armour
rPois   .          Reflect  .    p - +2 helmet {SInv}
rElec   .          Harm     .    x - +2 cloak
rCorr   .          Rampage  .    (no gloves)
Will    .....                    (no boots)
Stlth   +++                      d - amulet of the acrobat
HPRegen 0.30/turn                f - +5 ring of evasion
MPRegen 0.11/turn                (no ring)

@: no status effects
A: no striking features
a: Renounce Religion, Heroism


You were on level 5 of the Dungeon.
You worshipped Okawaru.
Okawaru was aware of your devotion.
You visited 2 branches of the dungeon, and saw 6 of its levels.

You collected 329 gold pieces.

Inventory:

Hand Weapons
 a - a +2 heavy sling (weapon)
 b - a +0 short sword
 i - a +3 dagger of electrocution
Missiles
 t - 3 silver boomerangs
Armour
 e - a +0 robe
 h - the +0 leather armour of the Lute {rF+ Will+}
   (You found it on level 2 of the Dungeon)

   rF:        It protects you from fire.
   Will:      It increases your willpower.
 n - a +3 leather armour (worn)
 p - a +2 helmet of see invisible (worn)
 x - a +2 cloak (worn)
 z - a +2 helmet
Jewellery
 d - an amulet of the acrobat (around neck)
 f - a +5 ring of evasion (left hand)
Wands
 c - a wand of flame (3)
 l - a wand of paralysis (6)
 y - a wand of iceblast (10)
Scrolls
 g - a scroll of summoning {unknown}
 k - 3 scrolls of immolation
 m - a scroll of teleportation {unknown}
 r - a scroll of fog
 s - a scroll of enchant weapon {unknown}
 u - a scroll of silence {unknown}
Potions
 j - a potion of resistance
 o - a potion of lignification {unknown}
 v - a potion of haste
 w - 2 potions of curing
 A - a potion of invisibility {unknown}


   Skills:
 + Level 5.2 Fighting
 - Level 1.0 Short Blades
 + Level 5.8 Ranged Weapons
 - Level 4.4 Stealth
 + Level 0.0 Invocations
 + Level 4.6 Evocations


You had 7 spell levels left.
You didn't know any spells.
Your spell library was empty.

Dungeon Overview and Level Annotations

Branches:
Dungeon (5/15)             Temple (1/1) D:4

Altars:
Ashenzari
Fedhas
Gozag
Okawaru
Qazlal
The Shining One

Shops:
D:2 (

Portals:
Abyss: D:3

Annotations:
D:3 2 transporters, timneilson's ghost, amateur GrFi
D:5 Pikel


Message History

Pikel completely misses you.
Okay, then.
Okay, then.
You shoot a sling bullet. The sling bullet closely misses Pikel.
Pikel misses you.
You shoot a sling bullet. The sling bullet hits Pikel.
Pikel is moderately wounded.
Pikel barely misses you.
You shoot a sling bullet. The sling bullet closely misses Pikel.
Pikel says, "Dispater doesn't talk much, but I know they dig me."
Pikel misses you.
You shoot a sling bullet.
The sling bullet hits Pikel but does no damage.
Pikel is moderately wounded.
Pikel hits you but does no damage.
You are electrocuted!
* * * LOW HITPOINT WARNING * * *
You shoot a sling bullet. The sling bullet barely misses Pikel.
Pikel hits you with a +1 whip of electrocution!
* * * LOW HITPOINT WARNING * * *
As you read the scroll labelled KIELYO XOECS, it crumbles to dust.
The scroll dissolves into smoke.
It was a scroll of fog.
Pikel closely misses you.
As you read the scroll labelled SAFILYA JUIF, it crumbles to dust.
It is a scroll of brand weapon.
Your +2 sling becomes incredibly heavy!
a - a +2 heavy sling (weapon)
Pikel barely misses you.
You feel better. Pikel closely misses you.
You shoot a sling bullet. The sling bullet hits Pikel!
Pikel is heavily wounded.
You feel like a meek peon again. Pikel barely misses you.
You shoot a sling bullet. The sling bullet closely misses Pikel.
Pikel closely misses you. Pikel completely misses you.
You shoot a sling bullet. The sling bullet hits Pikel.
Pikel is heavily wounded.
Pikel hits you with a +1 whip of electrocution.
* * * LOW HITPOINT WARNING * * *
You are electrocuted!
You die...

........##.............#....##..>
......................##....####.
........##.......................
........##.##....(..... .......##
##..#...##.##.#......# .....
...##.#.....#.§§§§§..# ....
......#......§§§§§§..#.. .... #
..#..##.......§§K§§..... ### .
####).....###.##@#...##. ..
......##### #.##§###.... ...
.......# ###).....#.... ...
......## ##....#........ .
.####†####....#...?.... .
.##...##.....###..#.... .
#####.....#............ .
#...###............ .
#......#..#.....##.. .


You could see Pikel.

Vanquished Creatures
  Menkaure (D:4)
  4 lemures
  A phantom (D:4)
  A scorpion (D:4)
  2 howler monkeys
  2 hounds
  An orc priest (D:4)
  A gnoll bouda (D:3)
  Ijyb (D:4)
  An iguana (D:4)
  4 orc wizards
  Robin (D:3)
  3 gnolls (D:3)
  5 adders
  An ufetubus (D:4)
  2 worms
  19 orcs
  4 endoplasms
  3 giant cockroaches (D:4)
  15 goblins
  11 hobgoblins
  6 kobolds
  3 quokkas
  2 ball pythons
  4 bats
  2 frilled lizards
  3 rats
103 creatures vanquished.

Notes
Turn   | Place    | Note
-------+----------+-------------------------------------------
     0 | D:1      | hikkokomori the Human Wanderer began the quest for the Orb.
     0 | D:1      | hikkokomori set off with the following items: a +2 sling, a
                  | +0 short sword, a wand of flame (6), a potion of heal
                  | wounds, a +0 robe.
     0 | D:1      | Reached XP level 1. HP: 18/18 MP: 1/1
   257 | D:1      | Reached XP level 2. HP: 21/24 MP: 2/2
   318 | D:1      | You fall into a shaft and drop 1 floor!
   398 | D:2      | Reached skill level 1 in Stealth
   398 | D:2      | Reached XP level 3. HP: 4/29 MP: 3/3
   558 | D:2      | Identified the +0 leather armour of the Lute {rF+ Will+}
   788 | D:2      | Found Veh Ocue's Weapon Shop.
   988 | D:3      | Reached XP level 4. HP: 35/35 MP: 4/4
  1018 | D:3      | Reached XP level 5. HP: 27/42 MP: 5/5
  1040 | D:3      | Noticed Robin
  1046 | D:3      | Killed Robin
  1084 | D:3      | Found a glowing golden altar of the Shining One.
  1086 | D:3      | Found a broken altar of Ashenzari.
  1220 | D:3      | Found a transporter.
  1225 | D:3      | Found a transporter.
  1236 | D:3      | Noticed a small abomination
  1271 | D:3      | Found a one-way gate to the infinite horrors of the Abyss.
  1323 | D:3      | Noticed timneilson's ghost (amateur GrFi)
  1381 | D:3      | Found an iron altar of Okawaru.
  1381 | D:3      | Found an opulent altar of Gozag.
  1402 | D:3      | Became a worshipper of Warmaster Okawaru
  1562 | D:4      | Reached XP level 6. HP: 35/48 MP: 6/6
  1635 | D:4      | Noticed Ijyb
  1643 | D:4      | Killed Ijyb
  1644 | D:4      | Reached skill level 5 in Ranged Weapons
  1775 | D:4      | Found a staircase to the Ecumenical Temple.
  1810 | Temple   | Entered the Ecumenical Temple
  1910 | D:4      | Noticed Menkaure
  1917 | D:4      | Killed Menkaure
  1917 | D:4      | Reached * piety under Okawaru
  1918 | D:4      | Reached XP level 7. HP: 25/55 MP: 7/7
  2451 | D:5      | Entered Level 5 of the Dungeon
  2483 | D:5      | Reached skill level 5 in Fighting
  2507 | D:4      | Reached XP level 8. HP: 28/62 MP: 8/8
  3072 | D:5      | Noticed Pikel
  3206 | D:5      | HP: 3/62 [Pikel/+1 whip of electrocution (9)]
  3213 | D:5      | Slain by Pikel

Illustrated notes

Levels and vault maps discovered:
D:1:      lemuel_arrival_river_bridge, layout_basic,
          dreamdust_ecumenical_altar_hidden_monk_grotto
D:2:      layout_basic, serial_shops, nicolae_shop_behind_doors
D:3:      layout_rooms, nicolae_overflow_two_pavilions, jmf_multi_god_temple,
          gammafunk_ghost_abyssal_escape, uniq_robin
D:4:      layout_loops_ring, minmay_temple_entry_drinking_statues, uniq_ijyb,
          uniq_menkaure
D:5:      minmay_goblin_kobold_castle, layout_cave_pools, minivault_26,
          uniq_pikel
Temple:   chequers_temple_sunken

Skill      XL: |  1  2  3  4  5  6  7 |
---------------+----------------------+-----
Stealth        | 1 2 3 4 |  4.4
Evocations     | 3 4 |  4.6
Fighting       | 4 5 |  5.2
Ranged Weapons | 5 |  5.8
Short Blades   | |  1.0

Action                     |  1- 3 |  4- 6 |  7- 9 || total
---------------------------+-------+-------+-------++-------
  Melee: Dagger            |     1 |       |       ||     1
   Fire: Sling             |    72 |   167 |   209 ||   448
 Invoke: Heroism           |       |       |     2 ||     2
  Evoke: Wand              |     1 |     6 |       ||     7
    Use: Potion            |     2 |       |     1 ||     3
         Scroll            |     3 |     3 |     2 ||     8
 Armour: Robe              |     5 |       |       ||     5
         Leather armour    |       |    35 |    67 ||   102
  Dodge: Dodged            |    15 |    46 |   150 ||   211

Table legend: (Time is in decaauts)
 A = Elapsed time spent in this place.
 B = Non-inter-level travel time spent in this place.
 C = Inter-level travel time spent in this place.
 D = Time resting spent in this place.
 E = Time spent auto-exploring this place.
 F = Levels seen in this place.
 G = Mean time per level.
                   A        B        C        D        E       F      G
               +--------+--------+--------+--------+--------+-----+--------+
         Total |   3290 |   3194 |     96 |    434 |   1870 |   6 |  548.3 |
       Dungeon |   3288 |   3192 |     96 |    434 |   1870 |   5 |  657.6 |
        Temple |      1 |      1 |      0 |      0 |      0 |   1 |    1.0 |
               +--------+--------+--------+--------+--------+-----+--------+

Top non-repeatable levels by time:
     D:4: 1397 daAuts
     D:2: 575 daAuts
     D:3: 562 daAuts
     D:5: 431 daAuts
     D:1: 321 daAuts
  Temple: 1 daAuts
